 Dungeon Crawl Stone Soup version 0.25.0-9-g26727b6 (webtiles) character file.

Game seed: 17568281377116227492

57 Inchmeat the Chopper (level 4, 0/37 HPs)
             Began as a Hill Orc Gladiator on June 17, 2020.
             Slain by an adder (1 damage)
             ... on level 3 of the Dungeon.
             The game lasted 00:01:18 (1100 turns).

Inchmeat the Chopper (Hill Orc Gladiator)           Turns: 1100, Time: 00:01:20

Health: 0/37       AC:  4    Str: 17    XL:     4   Next: 0%
Magic:  4/4        EV: 12    Int:  8    God:
Gold:   28         SH:  0    Dex: 12    Spells: 3/3 levels left

rFire    . . .     SeeInvis .   a - +0 war axe
rCold    . . .     Gourm    .   (no shield)
rNeg     . . .     Faith    .   b - +0 leather armour
rPois    .         Spirit   .   c - +0 helmet
rElec    .         Reflect  .   (no cloak)
rCorr    .         Harm     .   (no gloves)
MR       .....                  (no boots)
Stlth    +.........             (no amulet)
HPRegen  0.12/turn              (no ring)
MPRegen  0.09/turn              (no ring)

@: lethally poisoned (0 -> -2), very slow
A: no striking features
a: no special abilities


You were on level 3 of the Dungeon.
You were hungry.

You visited 1 branch of the dungeon, and saw 3 of its levels.

You collected 28 gold pieces.

Inventory:

Hand Weapons
 a - a +0 war axe (weapon)
Armour
 b - a +0 leather armour (worn)
 c - a +0 helmet (worn)
Scrolls
 e - a scroll of fear {unknown}
 h - 3 scrolls of identify {unknown}
 i - 2 scrolls of remove curse {unknown}
 j - a scroll of enchant weapon {unknown}
 k - a scroll of immolation {unknown}
 l - a scroll of amnesia {unknown}
 n - a scroll of teleportation {unknown}
Comestibles
 f - 3 rations
 g - 3 chunks of flesh


   Skills:
 - Level 2.6 Fighting
 + Level 5.8 Axes
 - Level 2.0 Throwing
 - Level 2.5 Dodging


You had 3 spell levels left.
You didn't know any spells.
Your spell library was empty.

Dungeon Overview and Level Annotations

Branches:
Dungeon (3/15)

Altars:

Annotations:
D:2 Jessica


Message History

Tha adder be moderately wounded.
Ye hear a splash.
Ye feel sick.
Tha adder struggles against tha net. x2
Yer unst'ble footin' causes ye ta fumble yer attack.
Tha adder struggles against tha net. x3
Tha net rips apart, an' tha adder comes free!
Ye barely miss tha adder.
Tha adder be moderately wounded.
Ye feel sick.
Tha adder closely misses ye.
Tha adder bites ye but does nay damage.
Yer unst'ble footin' causes ye ta fumble yer attack.
Tha adder bites ye.
* * * LOW HITPOINT WARNIN'
* * * Ye hit tha adder.
Tha adder be heavily wounded.
* * * LOW HITPOINT WARNIN'
* * * Ye feel sick.
Tha rat twitches its whiskers.
Tha adder bites ye.
Ye die...

######
###.###.##.####
#...#....###
########.#......#
#...####...####...
#...##...##### ##
#...##..?#≈≈≈#
#...##..≈#≈#≈# # #
#...##..≈#≈#%#r#≈≈≈≈
#...#..≈≈≈≈#@Sw≈≈#
#.......≈#≈#≈#####
#...#...≈≈≈#≈≈
#...#....#≈####
#..###..≈≈≈#
##.##.....≈≈#
#†.#..####....
#†#..#... .##.#
#......# ## ..


You could see a worm, an adder and a rat.

Vanquished Creatures
  An adder (D:2)
  An ooze (D:1)
  2 worms (D:3)
  A dart slug (D:2)
  4 giant cockroaches
  8 goblins
  3 hobgoblins (D:1)
  2 jackals (D:1)
  A ball python (D:1)
  A bat (D:1)
  3 frilled lizards (D:1)
  5 kobolds
  3 rats
35 creatures vanquished.

Notes
Turn   | Place    | Note
-------+----------+-------------------------------------------
     0 | D:1      | Inchmeat the Hill Orc Gladiator began the quest for the
                  | Orb.
     0 | D:1      | Reached XP level 1. HP: 18/18 MP: 1/1
   112 | D:1      | Reached XP level 2. HP: 25/25 MP: 2/2
   277 | D:1      | Reached skill level 5 in Axes
   277 | D:1      | Reached XP level 3. HP: 30/30 MP: 3/3
   847 | D:2      | Noticed Jessica
  1083 | D:3      | Reached XP level 4. HP: 22/37 MP: 4/4
  1100 | D:3      | HP: 1/37 [poisoned by an adder]
  1100 | D:3      | Slain by an adder

Illustrated notes

Levels and vault maps discovered:
D:1:      saegor_arrival_simple_d, layout_loops_ring, minmay_heptomino_h4
D:2:      layout_basic, yredelemnul_altar_generic, first_ration,
          grunt_ministairs_15, lemuel_another_geyser, uniq_sigmund, uniq_jessica
D:3:      layout_rooms, lightli_sewer_entry_pipes

Skill      XL: |  1  2 |
---------------+-------+-----
Throwing       | 2 |  2.0
Axes           | 5 |  5.8
Fighting       | |  2.6
Dodging        | |  2.5

Action                   |  1- 3 |  4- 6 || total
-------------------------+-------+-------++-------
Melee: War axe           |    72 |    13 ||    85
Throw: Throwing net      |     2 |     1 ||     3
  Use: Potion            |     1 |       ||     1
Armor: Leather armour    |    15 |     6 ||    21
Dodge: Dodged            |    49 |     9 ||    58
